AoeStats
← BangAverage

Nomad

509941975Analyzed
4v4 RM · 3d ago on Sep 28, 2026· 47m 54s· 8 players
Game mode
Random Map
Map size
231×231
Population
200
Speed
Normal
Resources
Standard
Victory
Conquest
Starting age
Dark Age
Ending age
Imperial Age
RankedLock teamsTeams togetherTeam positionsShared explorationLock speedFull tech treeHidden civsTurbo modeCheats
Victory
Defeat
🇩🇪 Jurchens · Germany
953
+15
🇬🇧 Mapuche · United Kingdom
946
+41
🇫🇷 Ethiopians · France
938
+15
🇪🇸 Poles · Spain
935
+18
🇨🇴 Bengalis · Colombia
954
-17
🇺🇸 Japanese · United States
952
-46
🇨🇳 Huns · China
903
-14
🇬🇧 Italians · United Kingdom
902
-14
Frank9112750
11:20 Loom
14:56 Feudal Age
19:27 Castle Age
17:46 Forging
17:41 Scale Barding Armor
17:57 Gold Mining
19:45 Bloodlines
23:18 Chain Barding Armor
25:32 Iron Casting
28:13 Horse Collar
33:34 Wheelbarrow
35:37 Double-Bit Axe
36:06 Fletching
40:22 Imperial Age
40:30 Cavalier
41:26 Szlachta Privileges
41:43 Conscription
44:15 Heavy Plow
47:34 Blast Furnace
BangAverage
7:32 Loom
16:00 Feudal Age
16:50 Horse Collar
16:58 Double-Bit Axe
27:45 Castle Age
29:59 Forging
29:16 Elite Skirmisher
29:17 Pikeman
29:23 Pikeman
30:10 Heavy Plow
33:34 Bow Saw
33:17 Gold Mining
33:23 Gold Mining
33:25 Stone Mining
36:00 Masonry
36:18 Ballistics
36:40 Iron Casting
35:56 Fletching
36:10 Scale Mail Armor
40:19 Chain Mail Armor
40:00 Bodkin Arrow
41:01 Gold Shaft Mining
43:04 Wheelbarrow
46:02 Imperial Age
43:38 Padded Archer Armor
45:13 Town Watch
48:07 Chemistry
47:04 Murder Holes
47:46 Architecture
47:17 Halberdier
47:27 Elite Kona
48:19 Butalmapu
48:39 Conscription
49:03 Hoardings
QiQiKaKaGuGu
5:34 Loom
15:00 Feudal Age
19:06 Castle Age
19:33 Scale Barding Armor
19:40 Forging
19:53 Bloodlines
19:49 Husbandry
21:09 Chain Barding Armor
20:50 Double-Bit Axe
24:50 Iron Casting
30:47 Wheelbarrow
30:23 Bow Saw
29:55 Horse Collar
32:14 Stone Mining
35:08 Heavy Plow
44:34 Imperial Age
44:00 Hand Cart
43:33 Town Watch
44:57 Elite Steppe Lancer
benji80
5:55 Loom
14:17 Feudal Age
20:18 Castle Age
28:44 Horse Collar
30:24 Heavy Plow
33:37 Double-Bit Axe
37:28 Imperial Age
35:39 Bow Saw
40:10 Two-Man Saw
38:47 Elite Shotel Warrior
40:19 Conscription
41:53 Arson
47:38 Chemistry
SpiralSlay3r
3:26 Loom
20:04 Feudal Age
20:37 Town Watch
20:50 Man-at-Arms
21:56 Arson
24:18 Wheelbarrow
23:39 Gold Mining
28:49 Scale Mail Armor
28:59 Forging
32:57 Castle Age
33:32 Gambesons
35:27 Town Patrol
39:00 Squires
42:41 Hand Cart
43:27 Long Swordsman
Doofus
14:53 Feudal Age
15:41 Double-Bit Axe
15:38 Horse Collar
16:40 Fishing Lines
22:08 Castle Age
20:03 Fletching
22:03 Loom
22:04 Town Watch
23:46 Bow Saw
24:34 Wheelbarrow
24:15 Squires
23:35 Pikeman
24:13 Bodkin Arrow
27:01 Forging
27:06 Stone Mining
27:08 Gold Mining
29:41 Heavy Plow
30:56 Gillnets
31:43 Hand Cart
32:17 Ballistics
33:12 Thumb Ring
33:45 Murder Holes
37:26 Imperial Age
35:22 Padded Archer Armor
36:41 Leather Archer Armor
36:39 Guard Tower
38:08 Town Patrol
37:31 Elite Genoese Crossbowman
38:32 Conscription
39:25 Two-Man Saw
39:20 Crop Rotation
38:54 Bracer
41:31 Chemistry
41:04 Ring Archer Armor
41:42 Stone Shaft Mining
42:31 Keep
41:41 Arrowslits
Ryukuro-Tsubarashi
4:27 Loom
16:36 Feudal Age
22:16 Castle Age
21:52 Double-Bit Axe
30:48 Fletching
464905725
14:07 Feudal Age
15:55 Double-Bit Axe
21:29 Castle Age
19:50 Fishing Lines
23:26 Bow Saw
25:32 Medium Warships
25:17 Gillnets
26:33 Horse Collar
26:50 Gold Mining
40:07 Scale Barding Armor
40:03 Padded Archer Armor
40:17 Forging
39:58 Fletching
42:12 Leather Archer Armor
42:18 Chain Barding Armor
44:39 Imperial Age
44:21 Gold Shaft Mining
43:55 Bodkin Arrow
44:50 Heavy Cavalry Archer
45:58 Parthian Tactics
46:16 Iron Casting
47:28 Plate Barding Armor
48:34 Blast Furnace
47:35 Bracer
Connection lost

Rejoining the realm…

Still unreachable

The connection could not be restored.

Session expired

The server has moved on; the page needs a fresh start.